 Dungeon Crawl Stone Soup version 0.20.1-1-g8b1a95d (webtiles) character file.

312 empire the Skirmisher (level 6, -1/49 HPs)
             Began as a Demonspawn Berserker on Aug 22, 2017.
             Was a Believer of Trog.
             Slain by a gnoll
             ... wielding a +0 halberd
              (7 damage)
             ... on level 4 of the Dungeon.
             The game lasted 00:05:31 (2279 turns).

empire the Skirmisher (Demonspawn Berserker)        Turns: 2279, Time: 00:05:31

Health: -1/49      AC:  7    Str: 18    XL:     6   Next: 18%
Magic:  6/6        EV: 12    Int:  8    God:    Trog [**....]
Gold:   224        SH:  0    Dex: 14    Spells: 5/5 levels left

rFire    . . .     SeeInvis .   a - +0 falchion
rCold    . . .     Gourm    .   (no shield)
rNeg     + . .     Faith    .   e - +1 ring mail
rPois    .         Spirit   .   (helmet restricted)
rElec    .         Reflect  .   (no cloak)
rCorr    .         Harm     .   A - +0 pair of gloves
MR       .....                  (no boots)
Stlth    +.........             (no amulet)
Regen    0.2/turn               d - +5 ring of slaying
MPRegen  0.1/turn               n - ring of positive energy

@: no status effects
A: horns 2, talons 1, powered by pain 1
a: Berserk, Trog's Hand, Burn Spellbooks, Renounce Religion


You were on level 4 of the Dungeon.
You worshipped Trog.
Trog was pleased with you.
You were near starving.

You visited 1 branch of the dungeon, and saw 4 of its levels.

You collected 224 gold pieces.

Inventory:

Hand Weapons
 a - a +0 falchion (weapon)
 b - a +1 dagger of draining
Armour
 e - a +1 ring mail (worn)
 i - a cursed -2 leather armour
 o - a +0 chain mail
 A - a +0 pair of gloves (worn)
Jewellery
 d - a +5 ring of slaying (left hand)
 n - a ring of positive energy (right hand)
 w - an uncursed ring of flight {unknown}
 E - an uncursed ring of fire {unknown}
Wands
 u - a wand of confusion (20/48)
 C - a wand of random effects (30/48)
Scrolls
 g - a scroll of remove curse
 p - 2 scrolls of identify {unknown}
 t - a scroll of random uselessness {unknown}
 y - a scroll of fear {unknown}
 B - 2 scrolls of teleportation
 F - a scroll of immolation {unknown}
Potions
 f - a potion of lignification {unknown}
 h - 3 potions of heal wounds {unknown}
 k - a potion of might {unknown}
 l - 2 potions of degeneration {unknown}
 m - a potion of haste {unknown}
 q - a potion of flight {unknown}
 r - 2 potions of agility
 v - 2 potions of curing {unknown}
 z - 2 potions of mutation {unknown}
 D - a potion of brilliance {unknown}
Comestibles
 c - 2 bread rations
 j - 2 royal jellies
 s - 6 fruits
 x - 2 meat rations


   Skills:
 + Level 4.4 Fighting
 + Level 3.8 Short Blades
 + Level 0.0(2.2) Long Blades
 + Level 3.3 Armour
 + Level 3.1 Dodging


You had 5 spell levels left.
You didn't know any spells.

Dungeon Overview and Level Annotations

Branches:
Dungeon (4/15)
 Temple: D:4-7

Altars:
Hepliaklqana
Qazlal
Trog
Uskayaw
Vehumet


Innate Abilities, Weirdness & Mutations

You have a pair of horns on your head.
You have sharp toenails.
You sometimes gain a little power by taking damage.


Message History

You kill the gnoll!
Trog accepts your kill.
The gnoll hits you from afar with a halberd.
A hound comes into view.
The gnoll closely misses you.
Things that are here:
a whip; a gnoll corpse You hit the gnoll shaman.
You claw the gnoll shaman. Your headbutt misses the gnoll shaman.
The gnoll shaman is moderately wounded.
The gnoll hits you from afar with a halberd!
You hit the gnoll shaman but do no damage.
You claw the gnoll shaman.
You headbutt the gnoll shaman, but do no damage.
The gnoll shaman is heavily wounded.
The gnoll hits you from afar with a halberd!
* * * LOW HITPOINT WARNING * * *
The gnoll shaman hits you but does no damage.
The gnoll hits you from afar with a halberd!
You die...

#####)##.#..#.....#####
#.##.#.########
#.##.#.# #....#.#
##.....#######
#.###.......# #.#
#.#####.# #.###.##..#.#
#.....##..#@#
#####....(#g# #<#...#g#
# #.....#g###...#
....#.##rh.....$
...#.##..)..r.....
..##.##........... ..
..##..(........ ..
...##...........


You could see a gnoll shaman, a hound, 2 gnolls and a quokka.

Vanquished Creatures
  Eustachio (D:4)
  The ghost of dscm the Ducker, a weakling DDGl (D:3)
  6 gnolls (D:4)
  4 adders
  A worm (D:2)
  2 dart slugs
  A leopard gecko (D:3)
  4 ball pythons
  7 bats
  3 giant cockroaches
  7 goblins
  11 hobgoblins
  8 frilled lizards
  6 kobolds
  5 rats
67 creatures vanquished.

Notes
Turn   | Place    | Note
-------+----------+-------------------------------------------
     0 | D:1      | empire the Demonspawn Berserker began the quest for the Orb.
     0 | D:1      | Reached XP level 1. HP: 18/18 MP: 1/1
   317 | D:1      | Gained mutation: You have sharp toenails. [demonic ancestry]
   317 | D:1      | Reached XP level 2. HP: 24/24 MP: 2/2
   624 | D:2      | Found a hazy altar of Hepliaklqana.
   671 | D:2      | Gained mutation: You have a pair of small horns on your head. [demonic ancestry]
   671 | D:2      | Reached XP level 3. HP: 29/29 MP: 3/3
   740 | D:2      | Found a hide-covered altar of Uskayaw.
   788 | D:2      | Reached ** piety under Trog
   871 | D:2      | Found a bloodstained altar of Trog.
  1124 | D:2      | Noticed a water elemental
  1130 | D:2      | Noticed a fire elemental
  1131 | D:2      | Found a stormy altar of Qazlal.
  1132 | D:2      | Noticed an earth elemental
  1133 | D:2      | Noticed an air elemental
  1250 | D:3      | Found a radiant altar of Vehumet.
  1283 | D:3      | Gained mutation: You have a pair of horns on your head. [demonic ancestry]
  1283 | D:3      | Reached XP level 4. HP: 27/37 MP: 4/4
  1417 | D:3      | Noticed dscm's ghost (weakling DDGl)
  1425 | D:3      | Killed dscm's ghost
  2158 | D:4      | Noticed Eustachio
  2166 | D:4      | Killed Eustachio
  2166 | D:4      | Reached skill level 4 in Fighting
  2166 | D:4      | Reached XP level 5. HP: 42/42 MP: 5/5
  2173 | D:4      | Gained mutation: You sometimes gain a little power by taking damage. [demonic ancestry]
  2173 | D:4      | Reached XP level 6. HP: 48/48 MP: 6/6
  2279 | D:4      | Slain by a gnoll

Skill      XL: |  1  2  3  4 |
---------------+-------------+-----
Armour         | 2 3 |  3.3
Dodging        | 2 3 |  3.1
Short Blades   | 3 |  3.8
Fighting       | 4 |  4.4

Action                   |  1- 3 |  4- 6 || total
-------------------------+-------+-------++-------
Melee: Short sword       |    67 |       ||    67
       Kick              |    21 |    14 ||    35
       Headbutt          |     4 |     7 ||    11
       Dagger            |       |    48 ||    48
       Falchion          |       |     6 ||     6
Invok: Berserk           |       |     1 ||     1
       Trog's Hand       |       |     1 ||     1
  Use: Scroll            |     3 |     1 ||     4
  Eat: Chunk             |     1 |     2 ||     3
       Fruit             |       |     1 ||     1
Armor: Ring mail         |    39 |    11 ||    50
Dodge: Dodged            |    42 |    29 ||    71
       Rpst.: Falchion   |       |     1 ||     1
